 Dungeon Crawl Stone Soup version 0.18-a0-1347-gb9e2fb4 (console) character file.

7058 utis the Grappler (level 10, -4/100 HPs)
             Began as a Troll Warper on Feb 17, 2016.
             Was a Priest of Okawaru.
             Slain by an orc warrior
             ... wielding a +0 halberd
              (24 damage)
             ... on level 10 of the Dungeon.
             The game lasted 00:32:37 (10451 turns).

utis the Grappler (Troll Warper)                   Turns: 10451, Time: 00:32:38

Health: -4/100     AC:  7    Str: 21    XL:     10   Next: 83%
Magic:  9/10       EV: 11    Int:  9    God:    Okawaru [***...]
Gold:   583        SH:  0    Dex: 12    Spells: 4 memorised, 3 levels left

rFire  . . .     SeeInvis .       - Unarmed
rCold  . . .     Gourm    +     L - +2 robe
rNeg   . . .     Faith    .     (no shield)
rPois  .         Spirit   .     (helmet restricted)
rElec  .         Dismiss  .     (no cloak)
rCorr  .         Reflect  .     (gloves unavailable)
SustAt .         Harm     .     (boots unavailable)
MR     .....                    (no amulet)
Stlth  +.........               (no ring)
                                (no ring)

@: not resistant to hostile enchantments, very unstealthy
A: unfitting armour, claws 3, fast metabolism 3, gourmand, regeneration 2,
shaggy fur 1, tough skin 2
a: Heroism, Renounce Religion


You were on level 10 of the Dungeon.
You worshipped Okawaru.
Okawaru was most pleased with you.
You were very full.

You visited 2 branches of the dungeon, and saw 11 of its levels.
You also visited: Sewer.

You collected 583 gold pieces.

Inventory:

Hand Weapons
 b - a +0 hunting sling
Missiles
 d - 10 tomahawks of dispersal {=f}
 g - 271 stones (quivered)
 y - 92 sling bullets
 z - 11 silver sling bullets
 K - 2 large rocks
 M - 6 needles of sleeping
 N - 10 tomahawks
 U - 12 poisoned needles
Armour
 a - a +1 robe
 m - a +0 pair of boots
 D - a +0 shield
 G - a +0 helmet
 L - a +2 robe (worn)
Jewellery
 i - a +4 amulet of reflection {unknown}
 k - an uncursed ring of sustain attributes {unknown}
 q - an uncursed ring of protection from cold {unknown}
 B - an uncursed amulet of rage {unknown}
 O - an uncursed amulet of dismissal {unknown}
Wands
 l - a wand of acid (11/15)
 I - a wand of slowing (16/48)
 R - a wand of flame (3/48)
 Z - a wand of flame (18/48)
Scrolls
 c - 4 scrolls of blinking
 s - a scroll of fog
 u - a scroll of magic mapping
 F - 3 scrolls of enchant armour
 J - 4 scrolls of teleportation {@r4}
 Q - a scroll of recharging
 T - 2 scrolls of remove curse {@r2}
Potions
 j - 3 potions of mutation {!q}
 n - 2 potions of lignification
 o - 2 potions of might
 r - 2 potions of ambrosia {unknown}
 t - 2 potions of beneficial mutation {unknown}
 v - a potion of haste {unknown}
 x - 3 potions of brilliance {unknown}
 A - a potion of berserk rage {unknown}
 C - a potion of magic {unknown}
 E - a potion of curing {@q1}
 H - 2 potions of degeneration {unknown}
 S - 2 potions of heal wounds {unknown}
 W - a potion of cure mutation {unknown}
Books
 e - a book of Spatial Translocations

   Spells                             Type                      Level
   a - Apportation                    Translocation                1
   b - Blink                          Translocation                2
   c - Shroud of Golubria             Charms/Translocation         2
   d - Portal Projectile              Translocation                3
   e - Teleport Other                 Translocation                3
   f - Passage of Golubria            Translocation                4
Miscellaneous
 Y - a lamp of fire
Comestibles
 f - 10 bread rations {@e1}
 h - 2 slices of pizza {@e2}
 p - 5 meat rations {@e1}
 w - 3 beef jerkies {@e2}
 P - a royal jelly {@e3}
 X - 24 fruits {@e2}


   Skills:
 + Level 6.8 Fighting
 - Level 0.8 Throwing
 + Level 4.8 Dodging
 + Level 4.5 Shields
 - Level 10.8 Unarmed Combat
 - Level 1.2 Spellcasting
 - Level 5.4 Translocations


You had 3 spell levels left.
You knew the following spells:

 Your Spells              Type           Power        Failure   Level  Hunger
a - Apportation           Tloc           ##........   4%          1    ##.....
g - Shroud of Golubria    Chrm/Tloc      #.........   17%         2    ###....
o - Teleport Other        Tloc           ##......     14%         3    ####...
v - Blink                 Tloc           N/A          8%          2    ###....


Dungeon Overview and Level Annotations

Branches:
Dungeon (10/15)            Temple (1/1) D:5            Lair (0/8) D:8
    Orc (0/2) D:10

Altars:
Ashenzari
Cheibriados
Dithmenos
Elyvilon
Fedhas
Gozag
Kikubaaqudgha
Makhleb
Nemelex Xobeh
Okawaru
Pakellas
Qazlal
Ru
Sif Muna
Trog
Vehumet
Xom
Yredelemnul
Zin
The Shining One

Annotations:
D:4 4 exclusions
D:10 Psyche


Innate Abilities, Weirdness & Mutations

You are too large for most types of armour.
You have claws for hands.
Your metabolism is lightning-fast.
You like to eat raw meat.
You heal very quickly.
You are covered in fur (AC +1).
You have very tough skin (AC +2).


Message History

The orc wizard is moderately wounded.
The orc wizard hits you with a dagger.
* * * LOW HITPOINT WARNING * * *
The jackal closely misses you.
The orc wizard gestures wildly while chanting.
The orc wizard blinks!
The jackal bites you but does no damage.
The orc warrior hits you from afar with a halberd!
* * * LOW HITPOINT WARNING * * *
The jackal bites you but does no damage.
The orc wizard casts a spell at you. The magic dart hits you!
* * * LOW HITPOINT WARNING * * *
The orc wizard hits you but does no damage.
The scorpion stings you.
* * * LOW HITPOINT WARNING * * *
The orc wizard is no longer moving quickly.
The orc wizard hits you but does no damage.
The orc warrior hits you from afar with a halberd!!
You die...

. . ...░░░░ .... .
......... ....... €
........░ ░........ .
.......➘. .....?... .
........░ ░........ .
........░░ ░░........ .
.........░░░░░░░.........
.
░......<.....T..........
.
░........░...hos.§......
.
░........)...o..........
░.......░░░..░..........
░..░....░░...†..........
▒▒.....░░░.░░░░........░
8..?...... ..........
........░░ ...........
+.oh..... ...........


You could see an orc warrior, a scorpion, an orc wizard and a jackal.

Vanquished Creatures
  The ghost of Azzok the Grappler, a novice TrFi (D:7)
  Pikel (D:7)
  A hill giant (D:10)
  Joseph (D:7)
  Sigmund (D:6)
  5 hippogriffs
  Duvessa (D:6)
  An eye of draining (D:9)
  3 slaves
  A black bear (D:8)
  An ice beast (D:8)
  A phantom (D:8)
  A sky beast (D:9)
  2 orc warriors
  5 centaurs
  5 ogres
  A crocodile (D:8)
  A big kobold (D:9)
  5 giant frogs
  Dowan (D:6)
  A wyvern skeleton (D:6)
  5 killer bees
  3 scorpions
  14 wights
  A centaur zombie (D:7)
  5 crimson imps
  3 hounds
  2 jellies
  3 orc priests
  4 orc wizards
  2 giant frog skeletons
  2 centaur skeletons
  3 iguanas
  4 worker ants
  A hound zombie (D:6)
  2 hound skeletons
  19 adders
  4 gnolls (D:8)
  A river rat (D:8)
  3 shadow imps
  9 oozes
  An adder zombie (D:8)
  2 worms (D:3)
  17 giant geckos
  39 orcs
  25 giant cockroaches
  7 goblins
  7 hobgoblins
  7 jackals
  7 quokkas
  8 ball pythons (Sewer)
  16 bats
  A giant gecko skeleton (D:4)
  26 giant newts
  2 gnoll zombies (D:8)
  A goblin zombie (D:4)
  2 hobgoblin zombies (D:4)
  7 kobolds
  A kobold skeleton (D:4)
  4 orc skeletons (D:4)
  A quokka skeleton (D:6)
  A quokka zombie (D:5)
  14 rats
326 creatures vanquished.

Vanquished Creatures (others)
  24 fungi (D:8)
  3 plants (D:8)
27 creatures vanquished.

Grand Total: 353 creatures vanquished

Notes
Turn   | Place    | Note
--------------------------------------------------------------
     0 | D:1      | utis the Troll Warper began the quest for the Orb.
     0 | D:1      | Reached XP level 1. HP: 19/19 MP: 1/1
   300 | D:1      | Reached XP level 2. HP: 27/27 MP: 2/2
   474 | D:1      | Reached skill level 3 in Unarmed Combat
   875 | D:1      | Learned a level 2 spell: Shroud of Golubria
  1239 | D:2      | Reached XP level 3. HP: 33/33 MP: 3/3
  1327 | D:2      | Found an ancient bone altar of Kikubaaqudgha.
  1458 | D:2      | Found a bloodstained altar of Trog.
  1542 | D:3      | Noticed a scorpion
  1551 | D:3      | Killed a scorpion
  1551 | D:3      | Reached skill level 4 in Unarmed Combat
  1551 | D:3      | Reached XP level 4. HP: 26/41 MP: 1/4
  2009 | D:3      | Reached skill level 5 in Unarmed Combat
  2068 | D:3      | Found a shadowy altar of Dithmenos.
  2091 | D:3      | Found a shattered altar of Ashenzari.
  2102 | D:3      | Found a sacrificial altar of Ru.
  2143 | D:3      | Found a white marble altar of Elyvilon.
  2153 | D:3      | Found a shimmering altar of Xom.
  2244 | D:3      | Reached XP level 5. HP: 48/48 MP: 5/5
  2625 | D:4      | Learned a level 2 spell: Blink
  2955 | D:4      | Found a glowing drain.
  2961 | D:4      | Reached XP level 6. HP: 57/57 MP: 2/6
  2975 | D:4      | Reached skill level 6 in Unarmed Combat
  2989 | Sewer    | Entered a sewer
  4030 | D:4      | Reached XP level 7. HP: 54/66 MP: 5/7
  4053 | D:4      | Learned a level 3 spell: Teleport Other
  4248 | D:4      | Found a glowing golden altar of the Shining One.
  4400 | D:4      | Reached skill level 7 in Unarmed Combat
  4800 | D:5      | Entered Level 5 of the Dungeon
  4853 | D:5      | Found a staircase to the Ecumenical Temple.
  4856 | D:5      | Found a radiant altar of Vehumet.
  5100 | D:5      | Reached skill level 1 in Shields
  5292 | D:5      | Reached XP level 8. HP: 61/75 MP: 8/8
  5370 | D:6      | Noticed Duvessa
  5393 | D:6      | Killed Duvessa
  5393 | D:6      | Reached skill level 8 in Unarmed Combat
  5395 | D:6      | Noticed Dowan
  5570 | D:6      | Killed Dowan
  5660 | D:6      | Noticed Sigmund
  5661 | D:6      | gah
  5676 | D:6      | Killed Sigmund
  6121 | D:6      | Reached skill level 9 in Unarmed Combat
  6406 | D:6      | Reached XP level 9. HP: 84/84 MP: 9/9
  6583 | D:7      | Noticed Pikel
  6677 | D:7      | Found a burning altar of Makhleb.
  6708 | Temple   | Entered the Ecumenical Temple
  6807 | Temple   | Became a worshipper of Warmaster Okawaru
  6865 | D:7      | Noticed a balrug
  6869 | D:7      | Found a glowing silver altar of Zin.
  6869 | D:7      | Noticed an angel
  6894 | D:7      | Noticed Azzok's ghost (novice TrFi)
  7004 | D:7      | Noticed Joseph
  7020 | D:7      | Killed Joseph
  7341 | D:7      | Killed Pikel
  7341 | D:7      | Reached * piety under Okawaru
  7341 | D:7      | Reached skill level 5 in Fighting
  7341 | D:7      | Reached skill level 10 in Unarmed Combat
  7341 | D:7      | Reached skill level 5 in Translocations
  7493 | D:7      | Killed Azzok's ghost
  7493 | D:7      | Reached ** piety under Okawaru
  7733 | D:7      | Reached XP level 10. HP: 66/96 MP: 4/10
  7866 | D:8      | Found a staircase to the Lair.
  8604 | D:8      | Found a deep blue altar of Sif Muna.
  8934 | D:8      | Found a basalt altar of Yredelemnul.
  9298 | D:9      | Reached *** piety under Okawaru
 10333 | D:10     | Entered Level 10 of the Dungeon
 10354 | D:10     | Noticed a hill giant
 10355 | D:10     | Noticed Psyche
 10417 | D:10     | Found a staircase to the Orcish Mines.
 10418 | D:10     | Noticed a hill giant
 10434 | D:10     | Killed a hill giant
 10451 | D:10     | Slain by an orc warrior

Vault maps used:
D:1:      dpeg_arrival_chambers_temple_mockup
D:2:      lightli_temple_of_fire, old_standard_altar
D:3:      minmay_overflow_temple_star_hex, first_bread
D:4:      nicolae_tso_besieged_by_evil, gup_sewer_entry_glass
D:5:      lemuel_ice_spiral_2, minmay_temple_entry_butterflies, basic_altar
D:6:      kennysheep_pointless_box, uniq_sigmund, uniq_duvessa
D:7:      grunt_temple_overflow_order_and_chaos_2, uniq_joseph, uniq_pikel
D:8:      lemuel_zombie_altar_yredelemnul, kennysheep_mini_moat,
          due_lair_maze_entry_diamond
D:9:      corexii_shack_village, blue_anna_alchemist
D:10:     minmay_orc_entry_temple_small, serial_shops, nicolae_shop_crystal,
          uniq_psyche
Temple:   circular_temple_pool_8
Sewer:    sewer_frog_island_02

Action                   |  1- 3 |  4- 6 |  7- 9 | 10-12 || total
-------------------------+-------+-------+-------+-------++-------
Melee: Unarmed           |    84 |   255 |   283 |   290 ||   912
 Fire: Hunting sling     |       |       |     7 |       ||     7
Throw: Stone             |    34 |    95 |    17 |    18 ||   164
       Large rock        |       |       |     7 |       ||     7
 Cast: Shroud of Golubri |     2 |    16 |    17 |    17 ||    52
       Blink             |       |       |     1 |       ||     1
Invok: Heroism           |       |       |     2 |     3 ||     5
Evoke: Wand              |       |       |       |     8 ||     8
  Use: Scroll            |     5 |     4 |     3 |     1 ||    13
       Potion            |       |       |     1 |       ||     1
 Stab: Sleeping          |       |       |       |     1 ||     1
  Eat: Chunk             |    19 |    26 |    35 |    28 ||   108
